[Event "*** Titled Tuesday Blitz"]
[Site "Chess.com"]
[Date "2020.04.14"]
[Round "9"]
[White "Skatchkov_V"]
[Black "SGchess01"]
[Result "1-0"]
[WhiteElo "2571"]
[BlackElo "2680"]
[TimeControl "180+1"]
[EndTime "11:42:37 PDT"]
[Termination "Skatchkov_V won by resignation"]

1. d4 a6 2. c4 b5 3. b3 bxc4 4. bxc4 g6 5. Nf3 Bg7 6. Nc3 c5 7. e3 Nf6 8. Be2 O-O 9. O-O Nc6 10. d5 Na5 11. Qc2 d6 12. Rb1 e6 13. Bd2 exd5 14. cxd5 Re8 15. Na4 Bf5 16. Qc3 Bxb1 17. Rxb1 Rb8 18. Rxb8 Qxb8 19. Qxa5 Qb1+ 20. Be1 Qxa2 21.
Qxa6 Nxd5 22. Nxc5 Qxa6 23. Nxa6 Rc8 24. Nb4 Nxb4 25.
Bxb4 Rc1+ 26. Bf1 d5 27. g3 Bf6 28. Kg2 Rb1 29. Bc5 Kg7 30. Ba6 Rc1 31. Bd4 Bxd4 32.
Nxd4 Kf6 33. Bb7 Ke5 34. Nf3+ Kd6 35. Ng5 f6 36. Nf3 Rc2 37. Nd4 Rb2 38. Ba6 Ra2 39. Be2 Rb2 40. h4 Kc5 41. Bg4 Kd6 42. h5 f5 43. Bf3 Ra2 44. Be2 Ke5 45. Kh3 g5 46. Kg2 g4 47. Bb5 Ra7 48. Nc6+ 1-0

[Event "*** Titled Tuesday Blitz"]
[Site "Chess.com"]
[Date "2020.04.14"]
[Round "9"]
[White "TheoSlade"]
[Black "Ariadna_Atreides"]
[Result "1-0"]
[WhiteElo "2276"]
[BlackElo "2022"]
[TimeControl "180+1"]
[EndTime "11:42:37 PDT"]
[Termination "TheoSlade won on time"]

1. d4 e6 2. c4 Bb4+ 3. Bd2 Qe7 4. g3 Nf6 5. Bg2 O-O 6. Nf3 b6 7. Ne5 c6 8. O-O Bxd2 9. Qxd2 Bb7 10. Qc2 d6 11.
Nf3 c5 12. Rd1 Nc6 13. Nc3 Rac8 14. d5 exd5 15. cxd5 Nb4 16. Qb3 a5 17. Nd2 Ba6 18.
Nc4 Bxc4 19. Qxc4 Nc2 20. Rab1 Nd4 21. e4 Rfe8 22. Re1 Qd7 23. a4 g6 24. Ne2 Nxe2+ 25.
Rxe2 Re7 26. f4 Rce8 27. Rbe1 Ng4 28. Bf3 f5 29. e5 dxe5 30. Bxg4 fxg4 31. fxe5 Rf8 32.
d6+ Re6 33. Rf1 Rxf1+ 34. Kxf1 Qf7+ 35. Rf2 Qe8 36. Rf6 1-0

[Event "*** Titled Tuesday Blitz"]
[Site "Chess.com"]
[Date "2020.04.14"]
[Round "9"]
[White "bracuarta"]
[Black "Chichin_chao"]
[Result "0-1"]
[WhiteElo "2192"]
[BlackElo "2348"]
[TimeControl "180+1"]
[EndTime "11:42:37 PDT"]
[Termination "Chichin_chao won on time"]

1. d4 Nf6 2. c4 d6 3. Nc3 Nbd7 4. e4 e5 5. Nf3 Be7 6. Be2 O-O 7. h3 exd4 8. Nxd4 Re8 9. O-O Bf8 10. Bf3 Nc5 11. Re1 Nfd7 12. b4 Ne6 13. Be3 Ng5 14. Bf4 Nxf3+ 15.
Qxf3 c6 16. Rad1 Qf6 17. Qg3 Ne5 18. Bg5 Qg6 19. f4 Nxc4 20. f5 Qh5 21. Nce2 f6 22. Bxf6 Rxe4 23. Nf4 Rxe1+ 24. Rxe1 Qf7 25. Bh4 Bxf5 26.
Nf3 Re8 27. Ng5 Rxe1+ 28. Qxe1 Qf6 29. Kh2 Qe5 30. Qf2 h6 31. Nf3 Qxf4+ 32. Bg3 Qe3 33. Qf1 Bd3 34. Qa1 Be4 0-1

[Event "*** Titled Tuesday Blitz"]
[Site "Chess.com"]
[Date "2020.04.14"]
[Round "9"]
[White "Usurpov"]
[Black "IAgrest"]
[Result "1/2-1/2"]
[WhiteElo "2419"]
[BlackElo "2286"]
[TimeControl "180+1"]
[EndTime "11:42:38 PDT"]
[Termination "Game drawn by repetition"]

1. e4 e5 2. Nf3 Nc6 3. Nc3 Nf6 4. d4 exd4 5. Nxd4 Bb4 6. Nxc6 bxc6 7. Bd3 O-O 8. O-O Re8 9. Qf3 Rb8 10. h3 h6 11. Bd2 Bd6 12. b3 Be5 13. Rae1 d6 14. Ne2 c5 15. Ng3 c6 16. Nf5 Bxf5 17. Qxf5 Qd7 18.
Qxd7 Nxd7 19. g3 Re7 20. Kg2 Rbe8 21. Re2 Nf8 22. Rfe1 Ne6 23. f4 Bf6 24. c3 Nc7 25. Kf3 g6 26. h4 Nb5 27. Rc1 a5 28. h5 Kg7 29. hxg6 fxg6 30. a4 Nc7 31. Rce1 h5 32.
Bc2 Ne6 33. Kg2 Nc7 34. Kf3 Ne6 35. Kg2 Nc7 36. Re3 Ne6 37. Kf3 Nc7 38. R3e2 1/2-1/2

[Event "*** Titled Tuesday Blitz"]
[Site "Chess.com"]
[Date "2020.04.14"]
[Round "9"]
[White "mrkvoz"]
[Black "Stewie_89"]
[Result "1-0"]
[WhiteElo "2788"]
[BlackElo "2633"]
[TimeControl "180+1"]
[EndTime "11:42:39 PDT"]
[Termination "mrkvoz won by resignation"]

1. e4 d5 2. exd5 Qxd5 3. Nc3 Qa5 4. Bc4 Nf6 5. d3 c6 6. Bd2 Bf5 7. Qe2 e6 8. h3 h6 9. Nd5 Qd8 10.
Nxf6+ Qxf6 11. Bc3 Bb4 12. Qd2 Bxc3 13. Qxc3 Qxc3+ 14. bxc3 Nd7 15. a4 b6 16. Nf3 O-O 17. Kd2 Rfd8 18.
Kc1 a6 19. Re1 b5 20. Bb3 Nc5 21. Nd4 Bxd3 22. Nxc6 Re8 23. Re5 Nxb3+ 24. cxb3 bxa4 25. bxa4 Rac8 26. Kd2 Bc4 27. Rc5 Red8+ 28. Ke1 Rxc6 29. Rxc6 Bd5 30. Rxa6 Bxg2 31. a5 Bxh3 32. Rb6 Bg2 33.
a6 Rc8 34. Ra3 h5 35. a7 Kh7 36. Rb8 Rc4 37. a8=Q Bxa8 38. Rbxa8 g5 39. R8a4 Rc6 40. c4 h4 41. Kf1 Kg6 42. Kg2 Kh5 43. Rc3 Rc5 44. Rb4 f5 45. Rb5 Rc7 46. c5 g4 47.
c6 Kg5 48. Rb7 h3+ 49. Kh2 Rc8 50. c7 1-0

[Event "*** Titled Tuesday Blitz"]
[Site "Chess.com"]
[Date "2020.04.14"]
[Round "9"]
[White "mshuaau0"]
[Black "littleozy"]
[Result "0-1"]
[WhiteElo "2237"]
[BlackElo "2415"]
[TimeControl "180+1"]
[EndTime "11:42:39 PDT"]
[Termination "littleozy won by resignation"]

1. e4 e5 2. Nf3 Nc6 3. Bc4 g6 4. O-O Bg7 5. Nc3 Nge7 6. a3 O-O 7. d3 d6 8. Nd5 h6 9. Nxe7+ Qxe7 10. b4 Kh7 11. Bb2 f5 12. exf5 Bxf5 13. Nd2 Be6 14. Bxe6 Qxe6 15. b5 Ne7 16. Qe2 Nd5 17. g3 Qh3 18. c4 Nf6 19. f3 Rae8 20. Qg2 Qf5 21. Ne4 d5 22. Nxf6+ Rxf6 23. f4 Qxd3 24. Qxd5 Qe3+ 25.
Kh1 Rd6 26. Qf3 Qxf3+ 27. Rxf3 e4 28. Rf2 e3 29. Re2 Rd2 30. Bxg7 Rxe2 31. Be5 Rc2 32. Re1 Rd8 33. g4 Rd3 34. f5 gxf5 35. gxf5 e2 36. Kg2 Rd1 37. Kf2 Rxe1 38. Kxe1 Rxc4 39. Kxe2 Re4+ 40.
Kf3 Rxe5 0-1

[Event "*** Titled Tuesday Blitz"]
[Site "Chess.com"]
[Date "2020.04.14"]
[Round "9"]
[White "jposthuma"]
[Black "Gordima"]
[Result "0-1"]
[WhiteElo "2583"]
[BlackElo "2754"]
[TimeControl "180+1"]
[EndTime "11:42:40 PDT"]
[Termination "Gordima won on time"]

1. d4 Nf6 2. c4 e6 3. g3 d5 4.
Bg2 dxc4 5. Nf3 a6 6. Ne5 c5 7. Na3 cxd4 8. Naxc4 Be7 9. O-O O-O 10. Bd2 Nbd7 11. Ba5 Qe8 12. Qxd4 Bc5 13. Qd3 Qe7 14. Rac1 Ra7 15. Nxd7 Bxd7 16. Bb6 Bxb6 17. Nxb6 Bc6 18. Bxc6 bxc6 19. Rxc6 Rb7 20. Rfc1 h5 21. Qxa6 h4 22. Rc8 Rxc8 23. Rxc8+ Kh7 24. Qd3+ g6 25. Qd4 g5 26. gxh4 e5 27. Qe3 Qe6 28. Qd3+ e4 29. Qd8 gxh4 0-1

[Event "*** Titled Tuesday Blitz"]
[Site "Chess.com"]
[Date "2020.04.14"]
[Round "9"]
[White "AlleyOoper"]
[Black "TheBigBoss04"]
[Result "0-1"]
[WhiteElo "2611"]
[BlackElo "2769"]
[TimeControl "180+1"]
[EndTime "11:42:41 PDT"]
[Termination "TheBigBoss04 won on time"]

1. d4 Nf6 2. Bf4 g6 3. Nc3 Bg7 4. e4 O-O 5. Qd2 d5 6. e5 Ne4 7. Nxe4 dxe4 8. O-O-O Nc6 9. Ne2 a5 10. Kb1 a4 11. a3 f6 12. e6 f5 13. d5 Na5 14.
Nc3 c6 15. Bh6 cxd5 16. Bxg7 Kxg7 17. Nxd5 Bxe6 18. Qc3+ Kf7 19. Ne3 Qb6 20. Bc4 Rfc8 21. Bxe6+ Qxe6 22. Qd2 Nc4 23. Nxc4 Qxc4 24. h4 h5 25. Qh6 Qxc2+ 26. Ka1 Rh8 27. Qg5 Rad8 28. Rc1 Qd2 29. Qg3 f4 30. Qh3 Rd6 31. Qh2 Rb6 32.
Rb1 Rd8 33. Rhd1 Qxd1 34. Rxd1 Rxd1+ 35. Ka2 e5 36. Qh3 Rd2 37. Ka1 Rdxb2 38. Qd7+ Kf6 39.
Qd8+ Ke6 40. Qe8+ Kd5 41. Qd7+ Kc4 42. Qc7+ Kd3 0-1

[Event "*** Titled Tuesday Blitz"]
[Site "Chess.com"]
[Date "2020.04.14"]
[Round "9"]
[White "Kumi29"]
[Black "Mbneu"]
[Result "1-0"]
[WhiteElo "2395"]
[BlackElo "2211"]
[TimeControl "180+1"]
[EndTime "11:42:41 PDT"]
[Termination "Kumi29 won by checkmate"]

1. d4 Nf6 2. Bg5 c5 3. d5 b5 4. c4 bxc4 5. Nc3 d6 6. e4 Nbd7 7. Bxc4 h6 8. Bh4 g5 9. Bg3 Bg7 10. Nge2 Rb8 11. Qd2 Qb6 12. Rb1 Ba6 13. Bxa6 Qxa6 14.
O-O Ng4 15. f4 gxf4 16. Nxf4 Bd4+ 17. Kh1 h5 18. Nce2 h4 19. Be1 Be5 20. h3 Ngf6 21. Qe3 Qxa2 22. Bc3 Bxc3 23. Nxc3 Qc4 24. Rf2 Rb3 25. Ra1 a6 26. Raf1 Ne5 27. Ra1 Nxe4 28. Qxe4 Rxc3 29. Qf5 Rc1+ 30. Kh2 Nd7 31. Rxc1 Qxc1 32.
Nd3 Qh6 33. Qxf7+ Kd8 34. Nf4 Ne5 35. Ne6+ Kd7 36. Qf5 Qf6 37. Qc2 Qg6 38. Qa4+ Kc8 39. Qxa6+ Kb8 40. Qb6+ Ka8 41. Nc7# 1-0

[Event "*** Titled Tuesday Blitz"]
[Site "Chess.com"]
[Date "2020.04.14"]
[Round "9"]
[White "ntmh281"]
[Black "RubensCezila"]
[Result "0-1"]
[WhiteElo "2278"]
[BlackElo "2444"]
[TimeControl "180+1"]
[EndTime "11:42:42 PDT"]
[Termination "RubensCezila won by resignation"]

1. d4 Nf6 2. Bf4 g6 3. e3 Bg7 4. Nf3 O-O 5. Bd3 d6 6. O-O Nbd7 7. h3 Qe8 8. Bh2 e5 9. dxe5 dxe5 10. e4 Qe7 11. Nc3 c6 12. Qe2 Nh5 13. Qe3 Nc5 14.
Bc4 a5 15. a3 Kh8 16. Rfd1 b5 17. Ba2 b4 18. Ne2 Ba6 19. Nc1 Rad8 20. Nb3 Nb7 21. axb4 axb4 22. Nbd2 Nf4 23. Bc4 Bh6 24. Bxf4 Bxf4 25.
Qe2 Bxc4 26. Nxc4 Nc5 27. g3 Bh6 28. Nfxe5 Qe6 29. Rxd8 Rxd8 30. Ng4 Bg7 31. Re1 b3 32. c3 Nd3 33. Rd1 Qxc4 34. Ne5 Bxe5 35. f4 0-1

[Event "*** Titled Tuesday Blitz"]
[Site "Chess.com"]
[Date "2020.04.14"]
[Round "9"]
[White "AvitalBor"]
[Black "Bigfish1995"]
[Result "0-1"]
[WhiteElo "2767"]
[BlackElo "3095"]
[TimeControl "180+1"]
[EndTime "11:42:44 PDT"]
[Termination "Bigfish1995 won by resignation"]

1. e4 c5 2. c3 e6 3. d4 d5 4. exd5 Qxd5 5. Nf3 Nf6 6. Be3 cxd4 7. cxd4 Bb4+ 8. Nc3 O-O 9. Bd3 b6 10. Qe2 Qa5 11. O-O Ba6 12. Ne5 Bxc3 13. bxc3 Bxd3 14. Qxd3 Nbd7 15. Nc6 Qa4 16. Ne7+ Kh8 17. Bf4 Rfe8 18.
Bd6 Rad8 19. Rfe1 Nf8 20. Qg3 Qd7 21. Bb4 Rxe7 22. Bxe7 Qxe7 23. a4 a5 24. Rab1 Rd6 25.
Rb5 h6 26. h3 N8d7 27. Qf3 Qd8 28. g4 Kg8 29. h4 Nd5 30. c4 Nc7 31. Rh5 Rxd4 32.
g5 hxg5 33. hxg5 g6 34. Rh3 Qxg5+ 35. Rg3 Qf6 36. Qc6 Ne8 37. Kg2 Rd2 38. Rf3 Qg5+ 39. Rg3 Qc5 40. Qf3 Ng7 41. Qa8+ Nf8 42. Rf3 Qg5+ 43.
Kf1 Nf5 44. Re4 Rd1+ 45. Re1 Rxe1+ 46. Kxe1 Qc1+ 0-1

[Event "*** Titled Tuesday Blitz"]
[Site "Chess.com"]
[Date "2020.04.14"]
[Round "9"]
[White "tonyq11"]
[Black "avocadosheena"]
[Result "1-0"]
[WhiteElo "2235"]
[BlackElo "2136"]
[TimeControl "180+1"]
[EndTime "11:42:44 PDT"]
[Termination "tonyq11 won by checkmate"]

1. d4 d5 2. c4 c6 3. Nf3 Nf6 4. Nc3 e6 5. e3 a6 6. a4 c5 7. dxc5 Bxc5 8. cxd5 exd5 9. Bd3 Nc6 10. O-O O-O 11. e4 dxe4 12. Nxe4 Nxe4 13. Bxe4 Qxd1 14.
Rxd1 Bg4 15. Bf4 Bxf3 16. Bxf3 Nd4 17. Rd3 Nxf3+ 18. Rxf3 Rad8 19. g4 Rfe8 20. Rc1 Bd6 21. Bxd6 Rxd6 22. Rc7 f6 23. Rxb7 Rd4 24. h3 Rxa4 25.
Rd3 Ra1+ 26. Kg2 h5 27. Rdd7 hxg4 28. Rxg7+ Kh8 29. hxg4 Ra4 30. Kg3 Rae4 31. f3 Re1 32. Kf4 Rd8 33. Rgf7 Rf1 34. Rxf6 Re8 35. Kg3 Rg1+ 36. Kf2 Rge1 37. Rxa6 R1e2+ 38. Kg3 Re1 39. Rh6+ Kg8 40. Rg6+ Kf8 41. Rgg7 Rg1+ 42. Kf2 Rb1 43. Rbf7# 1-0

[Event "*** Titled Tuesday Blitz"]
[Site "Chess.com"]
[Date "2020.04.14"]
[Round "9"]
[White "krasavetc"]
[Black "ftorodent"]
[Result "0-1"]
[WhiteElo "2495"]
[BlackElo "2658"]
[TimeControl "180+1"]
[EndTime "11:42:45 PDT"]
[Termination "ftorodent won by checkmate"]

1. e4 c5 2. Nf3 e6 3. c3 Nf6 4. d3 Nc6 5. g3 d5 6. Qe2 Be7 7. Nbd2 b6 8. e5 Nd7 9. Bg2 Ba6 10. O-O Qc7 11. Re1 g5 12. h3 h5 13. c4 g4 14.
hxg4 hxg4 15. Nh2 Ncxe5 16. cxd5 Bxd3 17. Qe3 exd5 18. Nxg4 f6 19. Nxe5 Nxe5 20. Nf3 d4 21.
Qf4 O-O-O 22. Nxe5 fxe5 23. Rxe5 Bd6 24. Qg4+ Qd7 25.
Qf3 Bxe5 26. Qxd3 Kc7 27. Bg5 Rdg8 28. Bh4 Rxh4 29. gxh4 Qg4 30. Qf1 Qxh4 31. Qe2 Qh2+ 32. Kf1 Qxg2+ 33. Ke1 Re8 34. Kd1 Qg1+ 35. Kc2 Qxa1 36.
Qh5 d3+ 37. Kxd3 Qd1+ 38. Kc4 Qd4+ 39. Kb5 Qb4+ 40. Ka6 Qa5# 0-1

[Event "*** Titled Tuesday Blitz"]
[Site "Chess.com"]
[Date "2020.04.14"]
[Round "9"]
[White "csati17"]
[Black "BabyBoss31"]
[Result "1-0"]
[WhiteElo "2538"]
[BlackElo "2360"]
[TimeControl "180+1"]
[EndTime "11:42:45 PDT"]
[Termination "csati17 won by checkmate"]

1. c4 e5 2. g3 d5 3. cxd5 Qxd5 4.
Nf3 Nc6 5. Bg2 Bc5 6. Nc3 Qd8 7.
O-O Nge7 8. e3 Qd3 9. Ng5 h6 10. Be4 Qd8 11. Qh5 g6 12. Qh4 Ng8 13. Bxc6+ bxc6 14. Qc4 Qxg5 15. Qxc5 Bd7 16. d4 exd4 17. Qxd4 Qf6 18.
Qc5 Qd6 19. Qc4 Qe6 20. Qb4 Ne7 21. Bd2 O-O 22. Ne4 Rab8 23. Qd4 Nf5 24. Nf6+ Kh8 25.
Qxd7 Qxf6 26. Bc3 Kg7 27. Bxf6+ Kxf6 28. e4 Rfd8 29. Qxc6+ Rd6 30. Qxc7 Rbd8 31. exf5 Rd2 32.
Rae1 R8d6 33. Qe7+ Kxf5 34. Re5+ Kg4 35. Qh4+ Kf3 36.
Qe4# 1-0

[Event "*** Titled Tuesday Blitz"]
[Site "Chess.com"]
[Date "2020.04.14"]
[Round "9"]
[White "lhavas"]
[Black "PeterPantz"]
[Result "0-1"]
[WhiteElo "2400"]
[BlackElo "2276"]
[TimeControl "180+1"]
[EndTime "11:42:45 PDT"]
[Termination "PeterPantz won by resignation"]

1. d4 d5 2. Bf4 c6 3. c3 Bf5 4. e3 Qb6 5. Qb3 Nd7 6. Nf3 h6 7. Nbd2 Ngf6 8. Be2 Nh5 9. Bg3 Nxg3 10. hxg3 e6 11.
O-O Bd6 12. c4 O-O 13. c5 Qxb3 14. axb3 Bc7 15. b4 e5 16. b5 Bg4 17. Rfe1 Rfe8 18. bxc6 bxc6 19. b4 e4 20. Nh4 Bxe2 21. Rxe2 a5 22. bxa5 Bxa5 23. Nb3 Bc3 24. Rxa8 Rxa8 25.
Rc2 Bb4 26. Nf5 Kf8 27. Nd6 g6 28. Rb2 Ra4 29. Nd2 Ke7 30. Nf1 Be1 31. Rb1 Ba5 32. g4 Bc7 33. Nc8+ Kd8 34. Nb6 Bxb6 35. cxb6 Kc8 36.
Nd2 Kb7 37. Nb3 Ra2 38. Nc5+ Nxc5 39. dxc5 Rc2 40. Ra1 Rxc5 41. Ra7+ Kxb6 42. Rxf7 Rc1+ 43. Kh2 c5 44. Rf6+ Kb5 45. Rxg6 d4 46. exd4 cxd4 47.
Rxh6 d3 48. Rd6 Kc5 49. Rd8 Rc2 50. Kg3 d2 51. g5 Rc3+ 52. Kf4 Rd3 0-1

[Event "*** Titled Tuesday Blitz"]
[Site "Chess.com"]
[Date "2020.04.14"]
[Round "9"]
[White "narutosmith"]
[Black "RaunakSadhwani2005"]
[Result "0-1"]
[WhiteElo "2243"]
[BlackElo "2792"]
[TimeControl "180+1"]
[EndTime "11:42:46 PDT"]
[Termination "RaunakSadhwani2005 won on time"]

1. c4 Nf6 2. Nc3 g6 3. g3 Bg7 4. Bg2 O-O 5. Rb1 c5 6. a3 Nc6 7. b4 d6 8. e3 Bg4 9. Nge2 Ne5 10. O-O Nxc4 11. Bxb7 Rb8 12. Bg2 Ne5 13. f3 Bf5 14. e4 Bd7 15. d4 cxd4 16. Nxd4 h5 17. h3 Qc7 18. Nce2 Rfc8 19. f4 Nc4 20. Qb3 e5 21.
Nf3 Nxe4 22. Nxe5 dxe5 23. Bxe4 Bxh3 24. Rd1 Qb6+ 25. Kh1 Qf2 26. Qf3 Qb6 27. Kh2 Bg4 28. Qg2 Ne3 29. Bxe3 Qxe3 30. Re1 exf4 31. Nxf4 Qxa3 32. Bd5 Bf5 33. Rbd1 Qxb4 34. Qf2 a5 35. Nxh5 Qb2 36. Re2 Qxe2 37. Nxg7 Qxf2+ 0-1

[Event "*** Titled Tuesday Blitz"]
[Site "Chess.com"]
[Date "2020.04.14"]
[Round "9"]
[White "MartinMatthiesen"]
[Black "ClassyEl"]
[Result "0-1"]
[WhiteElo "2423"]
[BlackElo "2690"]
[TimeControl "180+1"]
[EndTime "11:42:46 PDT"]
[Termination "ClassyEl won by resignation"]

1. d4 Nf6 2. c4 e6 3. Nf3 c5 4. d5 exd5 5. cxd5 Bd6 6. Nc3 Bc7 7. d6 Ba5 8. g3 O-O 9. Bg2 Nc6 10. O-O Re8 11. Bg5 Bxc3 12. bxc3 h6 13. Bh4 b6 14. Re1 g5 15. Nxg5 hxg5 16. Bxg5 Re6 17. e4 Rb8 18. f4 Qf8 19. e5 Nh7 20. Bh4 Bb7 21. Be4 Rh6 22.
Bxh7+ Kxh7 23. Bg5 Re8 24. Bxh6 Qxh6 25. Qc2+ Kg7 26.
Re2 Qh3 27. Rae1 Nd8 28. f5 Rh8 29. Rd2 Rh5 30. Rf1 Qg4 31. Rf4 Qh3 32. Rdf2 Qxg3+ 33. Kf1 Qe3 34. Qe2 Qc1+ 35. Qe1 Ba6+ 36. c4 Bxc4+ 37. Rxc4 Qxc4+ 38. Kg1 Rg5+ 39. Kh1 Qd5+ 0-1

[Event "*** Titled Tuesday Blitz"]
[Site "Chess.com"]
[Date "2020.04.14"]
[Round "9"]
[White "ehrenfeld"]
[Black "diskeleven"]
[Result "1-0"]
[WhiteElo "2474"]
[BlackElo "2328"]
[TimeControl "180+1"]
[EndTime "11:42:46 PDT"]
[Termination "ehrenfeld won by resignation"]

1. e4 c5 2. d3 e6 3. f4 d5 4.
Be2 Nc6 5. Nf3 Nge7 6. O-O g6 7. c3 Bg7 8. Na3 a6 9. Nc2 b5 10. e5 d4 11. cxd4 cxd4 12. Ng5 Bb7 13. Ne4 O-O 14. Bd2 Nf5 15. g4 Nfe7 16. Bf3 Rb8 17. Rc1 Nd5 18. Qe2 Ba8 19. Bg2 a5 20. a3 b4 21.
a4 Qe7 22. g5 Rfc8 23. Nf6+ Bxf6 24. gxf6 Qf8 25. Qf2 b3 26. Nxd4 Ncb4 27. Qg3 Qh6 28. Rcd1 Qf8 29. f5 Qc5 30. fxe6 Qxd4+ 31. Kh1 Nc7 32.
exf7+ Kxf7 33. Bxa8 Rxa8 34. Bc3 Qd5+ 35. Kg1 Ne6 36. d4 Nc2 37. h4 h5 38. Kh2 Qe4 39. Rg1 Rg8 40. d5 Nf4 41. e6+ Kf8 42. Rdf1 Qe2+ 43.
Rf2 1-0

[Event "*** Titled Tuesday Blitz"]
[Site "Chess.com"]
[Date "2020.04.14"]
[Round "9"]
[White "HanSchut"]
[Black "jonaszmb"]
[Result "0-1"]
[WhiteElo "2228"]
[BlackElo "2414"]
[TimeControl "180+1"]
[EndTime "11:42:46 PDT"]
[Termination "jonaszmb won by resignation"]

1. e4 c5 2. Nf3 d6 3. d4 cxd4 4. Nxd4 Nf6 5. f3 e5 6. Bb5+ Bd7 7. Bxd7+ Qxd7 8. Nf5 d5 9. Bg5 dxe4 10. Bxf6 Qxd1+ 11.
Kxd1 gxf6 12. fxe4 Nc6 13. c3 Rg8 14. g3 O-O-O+ 15.
Kc2 Bc5 16. Nd2 Rd7 17. Rad1 Rgd8 18. Nf3 Rxd1 19. Rxd1 Rxd1 20. Kxd1 Kd7 21. Ke2 a5 22. Kd3 b5 23. b3 b4 24. Nd2 bxc3 25. Kxc3 Ke6 26. Kc4 Bb4 27. Nb1 Na7 28. a3 Bf8 29. b4 axb4 30. axb4 Nc8 31. Kb5 Nd6+ 32. Nxd6 Bxd6 33.
Nc3 f5 34. exf5+ Kxf5 35. Kc4 Kg4 36. Ne4 Bb8 37. Kd5 f5 38. Nf2+ Kf3 39. Nd3 e4 40.
Nf4 Bxf4 41. gxf4 e3 42. b5 e2 43. b6 e1=Q 0-1

[Event "*** Titled Tuesday Blitz"]
[Site "Chess.com"]
[Date "2020.04.14"]
[Round "9"]
[White "I_like_Kasparov"]
[Black "hazy13"]
[Result "0-1"]
[WhiteElo "2354"]
[BlackElo "2215"]
[TimeControl "180+1"]
[EndTime "11:42:46 PDT"]
[Termination "hazy13 won by checkmate"]

1. e4 c5 2. Nc3 g6 3. g3 Nc6 4. Bg2 Bg7 5. d3 e6 6. Be3 d6 7. Qd2 Nge7 8. Bh6 Bd4 9. Nge2 Rb8 10. Nxd4 Nxd4 11. Nd1 b5 12. c3 Ndc6 13. h4 Bd7 14. h5 Qc7 15. Bg7 Rg8 16. Qh6 b4 17.
c4 b3 18. a3 Nd4 19. Bxd4 cxd4 20. Qxh7 g5 21. Qh6 d5 22. cxd5 exd5 23. O-O Rb6 24. Qh7 Qe5 25. f4 gxf4 26. Rxf4 Be6 27. Kh2 Rh8 28.
Qxh8+ Qxh8 29. Rh4 Rc6 30. Nf2 Rc2 31. Rf1 Rxb2 32.
exd5 Nxd5 33. Re1 Rxf2 34. Kg1 Rxg2+ 35. Kxg2 Ne3+ 36. Kh2 Ke7 37. h6 Qf6 38. Re2 Qf3 39. Rb2 Nf1+ 40. Kg1 Qxg3+ 41. Kxf1 Qxh4 42. Rf2 Qxh6 43. Rxf7+ Kxf7 44. Ke1 Qh2 45. a4 b2 46. a5 b1=Q# 0-1

[Event "*** Titled Tuesday Blitz"]
[Site "Chess.com"]
[Date "2020.04.14"]
[Round "9"]
[White "nickmatta"]
[Black "Efremov_Vlad"]
[Result "1/2-1/2"]
[WhiteElo "2307"]
[BlackElo "2161"]
[TimeControl "180+1"]
[EndTime "11:42:46 PDT"]
[Termination "Game drawn by repetition"]

1. d4 d5 2. c4 e6 3. Nc3 Nf6 4. cxd5 Nxd5 5. e4 Nxc3 6. bxc3 c5 7. Rb1 Be7 8. Nf3 b6 9. Bc4 O-O 10. O-O Bb7 11. d5 exd5 12. exd5 Bd6 13. Bb3 Nd7 14. c4 Ne5 15. Bc2 Qf6 16. Ng5 Ng6 17. Qh5 h6 18.
Ne4 Qe5 19. Qxe5 Bxe5 20. Nxc5 Bxd5 21. Nd7 Bxc4 22. Bxg6 Bxf1 23. Nxe5 fxg6 24. Kxf1 g5 25. Be3 Rf5 26. Nc6 Rf6 27. Nd4 Rd8 28. Rc1 Rfd6 29.
Rc4 a6 30. Ke2 b5 31. Rb4 Rd5 32. Ne6 Rc8 33. Rb2 Rc4 34. h3 Kf7 35. Nd4 Rdxd4 36.
Bxd4 Rxd4 37. Rc2 Ra4 38. Kd2 Ke6 39. Kc1 Kd5 40. Kb2 Rc4 41. Re2 Re4 42. Rc2 Kd4 43.
f3 Re3 44. Rd2+ Rd3 45. Re2 Re3 46. Rd2+ Rd3 47. Re2 Re3 48. Rd2+ 1/2-1/2

[Event "*** Titled Tuesday Blitz"]
[Site "Chess.com"]
[Date "2020.04.14"]
[Round "9"]
[White "mishanick"]
[Black "Jadro9"]
[Result "1-0"]
[WhiteElo "2992"]
[BlackElo "2707"]
[TimeControl "180+1"]
[EndTime "11:42:47 PDT"]
[Termination "mishanick won by resignation"]

1. d4 d5 2. c4 e6 3. Nf3 Nf6 4. Nc3 a6 5. cxd5 exd5 6. Bg5 c6 7. e3 Be6 8. Bd3 Nbd7 9. O-O Bd6 10. Qc2 h6 11.
Bf4 Qc7 12. Bxd6 Qxd6 13. Rab1 a5 14. a3 O-O 15. Na4 Rfe8 16. Nc5 b6 17. Nxd7 Nxd7 18. b4 axb4 19. axb4 b5 20. Rfc1 Rec8 21. Nd2 Nb6 22. Nb3 Nc4 23. Qc3 Ra3 24. Qe1 Rca8 25. Nc5 Qe7 26. h3 Ra2 27. Ra1 Qa7 28. Rxa2 Qxa2 29. Qe2 Qxe2 30. Bxe2 Ra2 31. Bf1 Bf5 32. g4 Bg6 33.
Kg2 Rb2 34. Bxc4 bxc4 35. Nd7 Be4+ 36. Kg3 Rxb4 37. Ne5 Rb6 38. Nd7 Rb1 39. Rc3 Rb3 40. Rc1 Rb1 41. Rc3 Rg1+ 42. Kf4 Rf1 43. Kg3 Rg1+ 44. Kf4 Rf1 45. Kg3 g5 46. Nf6+ Kg7 47. Nxe4 dxe4 48. Rxc4 Rg1+ 49. Kh2 Rf1 50. Kg2 Rd1 51.
Rxc6 Rd2 52. Rc5 1-0

[Event "*** Titled Tuesday Blitz"]
[Site "Chess.com"]
[Date "2020.04.14"]
[Round "9"]
[White "sergeikim"]
[Black "Malev212"]
[Result "0-1"]
[WhiteElo "2366"]
[BlackElo "2544"]
[TimeControl "180+1"]
[EndTime "11:42:48 PDT"]
[Termination "Malev212 won on time"]

1. d4 Nf6 2. c4 d6 3. Nc3 e5 4. Nf3 Nbd7 5. e4 Be7 6. g3 exd4 7. Nxd4 Ne5 8. h3 c5 9. Nc2 Be6 10. Ne3 O-O 11. f4 Nc6 12. Bg2 a6 13. O-O Nd4 14. Ne2 Rc8 15. Kh2 b5 16. b3 bxc4 17. bxc4 Qb6 18.
f5 Bd7 19. Nf4 Bc6 20. Nfd5 Bxd5 21. exd5 Nd7 22. Ng4 Rfe8 23. f6 Nxf6 24. Nxf6+ Bxf6 25. Rxf6 gxf6 26. Bh6 Re2 27. Qf1 Qb2 28. Rd1 Rce8 29.
Kh1 Rxg2 30. Qxg2 Re2 31. Qf1 Rf2 32. Qe1 Rh2+ 0-1

[Event "*** Titled Tuesday Blitz"]
[Site "Chess.com"]
[Date "2020.04.14"]
[Round "9"]
[White "Jbd735"]
[Black "dmvlad"]
[Result "0-1"]
[WhiteElo "2419"]
[BlackElo "2306"]
[TimeControl "180+1"]
[EndTime "11:42:48 PDT"]
[Termination "dmvlad won by checkmate"]

1. e4 c6 2. d4 d5 3. Nc3 dxe4 4.
Nxe4 Nd7 5. Nf3 Ngf6 6. Nxf6+ Nxf6 7. c3 Bg4 8. h3 Bxf3 9. Qxf3 e6 10. Bd3 g6 11.
O-O Bg7 12. a4 O-O 13. a5 a6 14. Bg5 Qd5 15. Qe3 Rfe8 16. Rfe1 Rac8 17. b4 Qb3 18. Rac1 Nd5 19. Qd2 Nc7 20. Bh6 Bh8 21. h4 Qd5 22. Be4 Qh5 23. Bg5 Qg4 24. Bf3 Qf5 25. Be4 Qg4 26. Bf3 Qf5 27. Re4 e5 28. Rce1 exd4 29. Bg4 dxc3 30. Qc1 Qd5 31. Bxc8 Rxe4 32. Rd1 Rd4 33.
Re1 Ne6 34. Bxe6 fxe6 35. Qxc3 Rg4 36. Qe3 Qxg2# 0-1

[Event "*** Titled Tuesday Blitz"]
[Site "Chess.com"]
[Date "2020.04.14"]
[Round "9"]
[White "MFBerna"]
[Black "Noukii"]
[Result "0-1"]
[WhiteElo "2323"]
[BlackElo "2663"]
[TimeControl "180+1"]
[EndTime "11:42:48 PDT"]
[Termination "Noukii won by resignation"]

1. e4 c5 2. Nf3 d6 3. d4 cxd4 4. Nxd4 Nf6 5. Nc3 Nc6 6. Be2 g6 7. O-O Bg7 8. Nb3 O-O 9. Re1 b6 10. Bg5 Bb7 11. Bf1 Rc8 12. Qd2 Ne5 13. Nd5 e6 14.
Nxf6+ Bxf6 15. Bxf6 Qxf6 16. c3 Rfd8 17. Rad1 g5 18.
f3 h5 19. Qe3 Ng6 20. Nd4 Qe5 21. Rd2 Kf8 22. Red1 d5 23. Nc2 Ke7 24. exd5 Rxd5 25. Rxd5 Bxd5 26. Qxe5 Nxe5 27. Ne3 Bb7 28. Kf2 f5 29. Be2 f4 30. Nc2 h4 31. h3 Nf7 32.
Re1 e5 33. Bd1 Kf6 34. Nb4 Nd6 35. Bb3 e4 36. fxe4 Nxe4+ 37. Kg1 Rd8 38. Bc2 Nc5 39.
a3 Rd2 40. Rd1 Rxg2+ 0-1

[Event "*** Titled Tuesday Blitz"]
[Site "Chess.com"]
[Date "2020.04.14"]
[Round "9"]
[White "BasilSmash"]
[Black "ZiggyStardust64"]
[Result "0-1"]
[WhiteElo "2405"]
[BlackElo "2602"]
[TimeControl "180+1"]
[EndTime "11:42:49 PDT"]
[Termination "ZiggyStardust64 won on time"]

1. d4 e6 2. Nf3 c5 3. g3 Qa5+ 4. c3 cxd4 5. Nxd4 d5 6. Bg2 Nf6 7. O-O Be7 8. c4 dxc4 9. Nd2 e5 10. N4f3 Be6 11. Qc2 Qc7 12. b3 O-O 13. bxc4 Nbd7 14. Bb2 Rac8 15. Rfc1 h6 16. Rab1 Rfd8 17. Qa4 Nc5 18. Qc2 e4 19. Be5 Qa5 20. Nd4 Bg4 21. Rb5 Qa6 22. Nxe4 Ncxe4 23. Bxe4 Rd7 24. Rcb1 Nxe4 25.
Qxe4 Bh3 26. Rxb7 Rxb7 27. Qxb7 Qxb7 28. Rxb7 Rxc4 29. f3 Bc5 30. Rb8+ Kh7 31. Rd8 f6 32. Kf2 fxe5 0-1